 Dungeon Crawl Stone Soup version 0.27-a0-972-gd1521fd518 (webtiles) character file.

Game seed: 7635252912758593991

14348 tardwrangler69 the Earth Mage (level 11, -3/79 HPs)
             Began as a Pale Draconian Earth Elementalist on Apr 13, 2021.
             Was a Believer of Sif Muna.
             Slain by a komodo dragon (32 damage)
             ... on level 1 of the Lair of Beasts.
             The game lasted 00:26:07 (15888 turns).

tardwrangler69 the Earth Mage (DrEE)               Turns: 15888, Time: 00:26:08

Health: -3/79      AC: 11    Str: 15    XL:     11   Next: 87%
Magic:  4/25       EV: 12    Int: 24    God:    Sif Muna [**....]
Gold:   642        SH:  0    Dex: 11    Spells: 19/30 levels left

rFire    . . .     SeeInvis .   a - +9 lajatang of Tenacity {freeze, rPois rF- Str+3}
rCold    . . .     Faith    .   (shield currently unavailable)
rNeg     . . .     Spirit   .   (armour unavailable)
rPois    +         Reflect  .   (helmet restricted)
rElec    .         Harm     .   o - +2 cloak
rCorr    .         Rampage  .   (no gloves)
Will     +....                  q - +0 pair of boots
Stlth    ++........             (no amulet)
HPRegen  0.23/turn              s - ring of wizardry
MPRegen  0.19/turn              f - ring "Sytiak" {*Slow rF+ Will+ Int+6 Slay+2}

@: slowed, very slow
A: breathe steam, AC +7, unfitting armour, cold-blooded, steam resistance
a: Breathe Steam, Renounce Religion, Channel Magic


You were on level 1 of the Lair of Beasts.
You worshipped Sif Muna.
Sif Muna was pleased with you.
You visited 3 branches of the dungeon, and saw 13 of its levels.

You collected 723 gold pieces.
You spent 81 gold pieces at shops.

Inventory:

Hand Weapons
 a - the +9 lajatang of Tenacity (weapon) {freeze, rPois rF- Str+3}
   (You acquired it on level 7 of the Dungeon)

   It has been specially enchanted to freeze those struck by it, causing extra
   injury to most foes and up to half again as much damage against particularly
   susceptible opponents.
   It can also slow down cold-blooded creatures.
   It affects your strength (+3).
   It makes you vulnerable to fire.
   It protects you from poison.
 e - a +1 short sword of speed
 j - a +4 trident of protection
Missiles
 b - 173 stones
 E - a curare-tipped dart
Armour
 n - the +2 kite shield of the Candlemaker {Will+ Dex+3}
   (You found it on level 10 of the Dungeon)

   It affects your dexterity (+3).
   It increases your willpower.
 o - a +2 cloak (worn)
 q - a +0 pair of boots (worn)
Jewellery
 f - the ring "Sytiak" (right hand) {*Slow rF+ Will+ Int+6 Slay+2}
   (You found it on level 10 of the Dungeon)

   [ring of intelligence]

   It affects your intelligence (+6).
   It affects your accuracy and damage with ranged weapons and melee attacks
   (+2).
   It protects you from fire.
   It may slow you when you take damage.
   It increases your willpower.
 s - a ring of wizardry (left hand)
Wands
 m - a wand of acid (12)
 x - a wand of mindburst (4)
 y - a wand of iceblast (11)
Scrolls
 c - 3 scrolls of teleportation
 d - 3 scrolls of blinking
 g - a scroll of enchant weapon
 h - 2 scrolls of fear
 k - 2 scrolls of amnesia
 t - 2 scrolls of magic mapping
 A - a scroll of identify
 I - a scroll of fog
Potions
 i - a potion of berserk rage
 l - 8 potions of curing
 p - 3 potions of mutation
 r - 2 potions of magic
 v - 2 potions of invisibility
 w - a potion of cancellation
 z - 2 potions of lignification
 B - 2 potions of attraction
 C - a potion of flight
 D - a potion of brilliance
 G - a potion of haste
Miscellaneous
 u - a piece from Xom's chessboard (15/15)


   Skills:
 + Level 2.0 Fighting
 + Level 1.8 Staves
 - Level 1.7 Dodging
 - Level 1.7 Stealth
 - Level 10.3 Spellcasting
 - Level 1.0 Transmutations
 - Level 15.1 Earth Magic


You had 19 spell levels left.
You knew the following spells:

 Your Spells              Type           Power      Damage    Failure   Level
a - Sandblast             Erth           100%       2d20      0%          1
b - Stone Arrow           Conj/Erth      96%        3d13      1%          3
c - Passwall              Tmut/Erth      41%        N/A       1%          2
d - Lee's Rapid Deconstr  Erth           35%        3d19*     1%          5

Your spell library contained the following spells:

 Spells                   Type           Power      Damage    Failure   Level
 Beastly Appendage        Tmut           34%        N/A       1%          1
 Corona                   Hex            13%        N/A       1%          1
 Magic Dart               Conj           48%        1d5       1%          1
 Wereblood                Tmut           17%        N/A       1%          2
 Petrify                  Tmut/Erth      50%        N/A       1%          4
 Blink                    Tloc           N/A        N/A       3%          2
 Call Imp                 Summ           12%        N/A       3%          2
 Ensorcelled Hibernation  Hex/Ice        24%        N/A       3%          2
 Slow                     Hex            12%        N/A       3%          2
 Spider Form              Tmut/Pois      7%         N/A       4%          3
 Confusing Touch          Hex            12%        N/A       6%          3
 Conjure Flame            Conj/Fire      12%        6-21      6%          3
 Dazzling Flash           Conj/Hex       24%        N/A       6%          3
 Gell's Gravitas          Tloc           6%         N/A       6%          3
 Mephitic Cloud           Conj/Pois/Air  12%        N/A       6%          3
 Tukima's Dance           Hex            12%        N/A       6%          3
 Ice Form                 Ice/Tmut       14%        N/A       16%         4
 Hydra Form               Tmut           8%         N/A       34%         5
 Yara's Violent Unravell  Hex/Tmut       7%         3d5       41%         5
 Metabolic Englaciation   Hex/Ice        6%         N/A       45%         5


Dungeon Overview and Level Annotations

Branches:
Dungeon (11/15)            Temple (1/1) D:7            Lair (1/6) D:11
    Orc (0/2) D:10

Altars:
Ashenzari
Cheibriados
Dithmenos
Elyvilon
Fedhas
Gozag
Hepliaklqana
Kikubaaqudgha
Makhleb
Nemelex Xobeh
Okawaru
Qazlal
Ru
Sif Muna
Trog
Uskayaw
Vehumet
Wu Jian
Xom
Yredelemnul
Zin
The Shining One

Shops:
D:1 [   D:2 ?   D:6 [   D:7 *

Portals:
Trove: D:10 (give +5 demon blade)

Annotations:
D:10 exclusion: downstairs


Innate Abilities, Weirdness & Mutations

You can breathe blasts of scalding, opaque steam.
Your pale cyan-grey scales are hard. (AC +7)
You cannot fit into any form of body armour.
You are cold-blooded and may be slowed by cold attacks.
You are immune to the effects of steam.


Message History

You kill the black bear!
Sif Muna accepts your kill.
The blast of rock fragments hits the bullfrog!!
The bullfrog is almost dead.
You hear an angry hiss.
The bullfrog barely misses you.
The bullfrog hits you but does no damage.
Casting: Lee's Rapid Deconstruction (safe; 1% risk of failure)
Confirm with . or Enter, or press ? or * to list all spells.
Aiming: Stone Arrow (safe; 1% risk of failure)
Press: ? - help, Shift-Dir - straight line The stone arrow hits the bullfrog!!
You kill the bullfrog!
Sif Muna accepts your kill.
Your Fighting skill increases to level 2!
A komodo dragon is nearby!
A komodo dragon is nearby!
Casting: Stone Arrow (safe; 1% risk of failure)
Confirm with . or Enter, or press ? or * to list all spells.
Aiming: Lee's Rapid Deconstruction (safe; 1% risk of failure)
Press: ? - help, Dir - move target A rock wall.
Okay, then.
Unknown command.
Casting: Lee's Rapid Deconstruction (safe; 1% risk of failure)
Confirm with . or Enter, or press ? or * to list all spells.
Aiming: Stone Arrow (safe; 1% risk of failure)
Press: ? - help, Shift-Dir - straight line The stone arrow hits the komodo dragon!
The komodo dragon is moderately wounded.
The komodo dragon closely misses you.
Casting: Stone Arrow (safe; 1% risk of failure)
Confirm with . or Enter, or press ? or * to list all spells.
Aiming: Sandblast (safe; 0% risk of failure)
Press: ? - help, Shift-Dir - straight line The blast of sand hits the komodo dragon!
The komodo dragon is heavily wounded.
The komodo dragon hisses menacingly.
The komodo dragon bites you!!
You die...

.........#.###........##
.............#.......#.##
..........##.#...........
.........###.†...........
PP###.#..# ###.......+.
.. #..... #.......#
#..... ####...## ......
##...# ...# #@..## .....
#l#♣# ......###†# #
.#......♣.##
.............#
>.........>.♣#
.............#
.♣l##..##.♣.## .. #...
.#....


You could see a komodo dragon.

Vanquished Creatures
  A catoblepas (D:10)
  2 centaur warriors (D:10)
  A tengu warrior (D:10)
  A wolf spider (D:10)
  A cyclops (D:10)
  A black mamba (Lair:1)
  Maurice (D:8)
  A gargoyle (D:11)
  An unseen horror (D:10)
  A komodo dragon (D:11)
  A cane toad (Lair:1)
  4 kobold demonologists (D:10)
  An efreet (D:10)
  2 trolls
  A meliai (D:10)
  2 hornets
  A centaur simulacrum (D:10)
  2 shadows (D:11)
  6 yaks (D:11)
  A wyvern (D:10)
  2 steam dragons
  Menkaure (D:7)
  Duvessa (D:5)
  5 water moccasins
  4 black bears
  4 orc warriors
  An ice beast (D:7)
  3 necrophages
  An ogre (D:5)
  4 wolves (Lair:1)
  3 centaurs
  2 phantoms (D:6)
  2 kobold brigands
  7 bullfrogs
  3 scorpions
  3 killer bees (D:8)
  Dowan (D:5)
  14 wights
  A howler monkey (D:7)
  2 electric eels (D:11)
  4 centaur zombies
  5 hounds
  2 iguanas
  5 orc wizards
  A hound skeleton (D:4)
  A howler monkey zombie (D:9)
  9 adders
  2 white imps (D:7)
  3 ufetubi
  An adder skeleton (D:5)
  3 dart slugs
  7 worms
  20 orcs
  6 ball pythons
  4 endoplasms
  3 giant cockroaches
  9 goblins
  11 hobgoblins
  10 jackals (D:1)
  3 quokkas
  8 bats
  2 frilled lizards
  18 kobolds
  4 rats
237 creatures vanquished.

Vanquished Creatures (others)
  A human (D:7)
  41 fungi (D:11)
  52 plants
  A withered plant (D:3)
95 creatures vanquished.

Grand Total: 332 creatures vanquished

Notes
Turn   | Place    | Note
-------+----------+-------------------------------------------
     0 | D:1      | tardwrangler69 the Draconian Earth Elementalist began the
                  | quest for the Orb.
     0 | D:1      | Reached XP level 1. HP: 14/14 MP: 3/3
   472 | D:1      | Reached XP level 2. HP: 8/20 MP: 5/5
  1254 | D:1      | Found Vorapit's Armour Shop.
  1331 | D:1      | Reached XP level 3. HP: 26/26 MP: 6/6
  1509 | D:1      | Reached skill level 4 in Earth Magic
  1954 | D:2      | Noticed a black bear
  1958 | D:2      | Found Optig's Magic Scroll Shoppe.
  1967 | D:2      | Killed a black bear
  1968 | D:2      | Reached skill level 5 in Earth Magic
  1968 | D:2      | Reached XP level 4. HP: 12/33 MP: 4/8
  2084 | D:2      | Reached XP level 5. HP: 16/38 MP: 7/9
  2938 | D:3      | Found a faded altar of an unknown god.
  3552 | D:3      | Noticed a necrophage
  3563 | D:3      | Killed a necrophage
  3564 | D:3      | Reached skill level 6 in Earth Magic
  3564 | D:3      | Reached XP level 6. HP: 45/45 MP: 3/11
  4453 | D:4      | Found a bloodstained altar of Trog.
  4453 | D:4      | You fall into a shaft and drop 3 floors!
  4460 | D:7      | Noticed an ice beast
  4465 | D:7      | Identified a scroll of acquirement
  4465 | D:7      | Acquired the +9 lajatang of Tenacity {freeze, rPois rF-
                  | Str+3}
  4576 | D:7      | Found a staircase to the Ecumenical Temple.
  4585 | Temple   | Entered the Ecumenical Temple
  4719 | Temple   | Became a worshipper of Sif Muna the Loreminder
  4753 | D:7      | Found Xiniof's Assorted Antiques.
  4761 | D:7      | Noticed a water moccasin
  4762 | D:7      | Bought a scroll labelled NAUSIKHL GOSO for 27 gold pieces
  4762 | D:7      | Bought a scroll labelled MURIH EBLY for 27 gold pieces
  4762 | D:7      | Bought a scroll labelled FEUVUTR QOVUD for 27 gold pieces
  4818 | D:6      | Noticed an orc warrior
  4820 | D:6      | Your scales start taking on a pale cyan-grey colour.
  4820 | D:6      | Reached XP level 7. HP: 48/50 MP: 13/13
  4820 | D:6      | Gained mutation: You are immune to the effects of steam.
                  | [Pale Draconian growth]
  4823 | D:6      | Reached skill level 7 in Earth Magic
  5048 | D:6      | Found Ablum's Armour Shop.
  5289 | D:6      | Found a large runed translucent door.
  5292 | D:6      | Found a large runed translucent door.
  5763 | D:6      | Found a sparkling altar of Nemelex Xobeh.
  5763 | D:6      | Noticed a steam dragon
  5767 | D:6      | Killed a steam dragon
  5768 | D:6      | Reached skill level 5 in Spellcasting
  5768 | D:6      | Reached skill level 8 in Earth Magic
  5768 | D:6      | Reached XP level 8. HP: 57/57 MP: 15/15
  5773 | D:6      | Found a glowing golden altar of the Shining One.
  5845 | D:5      | Entered Level 5 of the Dungeon
  5951 | D:5      | Reached skill level 9 in Earth Magic
  6436 | D:5      | Noticed Dowan
  6444 | D:5      | Killed Dowan
  6475 | D:5      | Noticed Duvessa
  6483 | D:5      | Killed Duvessa
  6784 | D:5      | Learned a level 3 spell: Stone Arrow
  6787 | D:5      | Learned a level 2 spell: Passwall
  6793 | D:5      | Learned a level 5 spell: Lee's Rapid Deconstruction
  7134 | D:4      | Found a shimmering altar of Xom.
  7644 | D:7      | Reached * piety under Sif Muna
  7645 | D:7      | Reached skill level 10 in Earth Magic
  7648 | D:7      | Reached XP level 9. HP: 62/62 MP: 5/18
  7758 | D:7      | Noticed Menkaure
  7760 | D:7      | Killed Menkaure
  8007 | D:7      | Found a broken altar of Ashenzari.
  8055 | D:7      | Found an ancient bone altar of Kikubaaqudgha.
  8472 | D:8      | Noticed Maurice
  8486 | D:8      | Killed Maurice
  8487 | D:8      | Reached skill level 11 in Earth Magic
  8881 | D:8      | Found a shadowy altar of Dithmenos.
  9449 | D:8      | Found an opulent altar of Gozag.
  9449 | D:8      | Found a glowing silver altar of Zin.
  9678 | D:8      | Found an iron altar of Okawaru.
  9884 | D:9      | Noticed a troll
  9887 | D:9      | Killed a troll
  9888 | D:9      | Reached skill level 12 in Earth Magic
  9888 | D:9      | Reached XP level 10. HP: 69/69 MP: 17/21
 10035 | D:9      | Found a snail-covered altar of Cheibriados.
 10035 | D:9      | Found a basalt altar of Yredelemnul.
 10109 | D:9      | Reached ** piety under Sif Muna
 10931 | D:10     | Entered Level 10 of the Dungeon
 11246 | D:10     | Found a radiant altar of Vehumet.
 11351 | D:10     | Noticed a tengu warrior
 11663 | D:10     | Reached skill level 13 in Earth Magic
 11908 | D:10     | Found a staircase to the Orcish Mines.
 12049 | D:10     | Found a portal to a secret trove of treasure.
 12575 | D:11     | Noticed a boulder beetle
 12709 | D:10     | Killed a tengu warrior
 12914 | D:10     | Noticed a centaur warrior
 12918 | D:10     | Killed a centaur warrior
 12919 | D:10     | Reached XP level 11. HP: 28/74 MP: 17/24
 13132 | D:10     | Noticed a catoblepas
 13141 | D:10     | Killed a catoblepas
 13323 | D:10     | Noticed a wolf spider
 13539 | D:10     | Reached skill level 14 in Earth Magic
 13677 | D:10     | Killed a wolf spider
 13738 | D:10     | Identified the ring "Sytiak" {*Slow rF+ Will+ Int+6 Slay+2}
 13748 | D:10     | Identified the +2 kite shield of the Candlemaker {Will+
                  | Dex+3}
 13756 | D:10     | Noticed a centaur warrior
 13759 | D:10     | Killed a centaur warrior
 14500 | D:11     | Noticed a boulder beetle
 14600 | D:11     | Found a broken altar of Ashenzari.
 14608 | D:11     | Reached skill level 10 in Spellcasting
 15257 | D:11     | Noticed a boulder beetle
 15258 | D:11     | Reached skill level 15 in Earth Magic
 15262 | D:11     | Found a staircase to the Lair.
 15443 | Lair:1   | Entered Level 1 of the Lair of Beasts
 15867 | Lair:1   | Reached skill level 1 in Fighting
 15872 | Lair:1   | Reached skill level 1 in Staves
 15888 | Lair:1   | Slain by a komodo dragon

Illustrated notes

Levels and vault maps discovered:
D:1:      psy_arrival_statuary, layout_loops_corners, serial_shops,
          nicolae_shop_stone, minmay_3d_cube
D:2:      layout_rooms, serial_shops, shop, eino_curves_03
D:3:      kennysheep_six_static_rooms, layout_rooms,
          ebering_ecumenical_altar_petrified
D:4:      layout_loops_ring, kennysheep_mini, bloody_trog, portal_sewer_entry_d
D:5:      layout_gridville, uniq_duvessa
D:6:      layout_loops_ring, jmf_multi_god_temple2, serial_shops, shop
D:7:      layout_gridville, nicolae_overflow_crystal_walls, tgw_kikubaaqudgha,
          minmay_temple_entry_hall, serial_shops,
          nicolae_shop_overgrown_old_shop, uniq_menkaure
D:8:      layout_loops_ring, grunt_temple_overflow_gold_and_silver,
          kennysheep_little_box, grunt_dithmenos_smoke_and_mirrors, uniq_maurice
D:9:      layout_loops_cross, gammafunk_temple_overflow_wave,
          minmay_misc_feat_cross
D:10:     layout_loops_corners, fiery_altar_vehumet, david_orc_2,
          nicolae_trove_entry_columns, serial_bayou_pond_c,
          chequers_serial_rivers_micro_a, minmay_evil_grid
D:11:     argonaut_augean_stables, layout_basic, due_lair_maze_entry_diamond,
          ebering_ghost_xom, ashenzari_altar_1
Temple:   nicolae_temple_figure_zero
Lair:1:   layout_roguey, special_room [special_room_bee],
          gammafunk_ghost_wrathful_warriors, minivault_24, serial_bayou_shore_a,
          grunt_megastairs_2

Skill      XL: |  1  2  3  4  5  6  7  8  9 10 11 |
---------------+----------------------------------+-----
Earth Magic    | 5 6 8 10 12 13 15 | 15.1
Spellcasting   | 3 4 5 6 7 9 10 | 10.3
Fighting       | 2 |  2.0
Staves         | 1 |  1.8
Dodging        | |  1.7
Stealth        | |  1.7
Transmutations | |  1.0

Action                   |  1- 3 |  4- 6 |  7- 9 | 10-12 || total
-------------------------+-------+-------+-------+-------++-------
Melee: Unarmed           |    40 |       |       |       ||    40
       Tailslap          |    14 |    29 |    15 |     8 ||    66
       Short sword       |   104 |   157 |       |       ||   261
       Trident           |       |    45 |       |       ||    45
       Lajatang          |       |     9 |   108 |    72 ||   189
 Cast: Sandblast         |    11 |    19 |    51 |    46 ||   127
       Lee's Rapid Decon |       |       |    11 |    25 ||    36
       Stone Arrow       |       |       |       |    49 ||    49
       Passwall          |       |       |       |     1 ||     1
 Abil: Breathe Steam     |       |       |     1 |       ||     1
  Use: Scroll            |       |     6 |       |    22 ||    28
 Stab: Sleeping          |     5 |     7 |       |       ||    12
       Distracted        |       |     1 |       |       ||     1
Armor: Skin              |    70 |    56 |    74 |    54 ||   254
Dodge: Dodged            |   110 |   103 |   123 |    68 ||   404

Table legend: (Time is in decaauts)
 A = Elapsed time spent in this place.
 B = Non-inter-level travel time spent in this place.
 C = Inter-level travel time spent in this place.
 D = Time resting spent in this place.
 E = Time spent auto-exploring this place.
 F = Levels seen in this place.
 G = Mean time per level.
                   A        B        C        D        E       F      G
               +--------+--------+--------+--------+--------+-----+--------+
         Total |  15953 |  15262 |    691 |   1316 |  12033 |  13 | 1227.2 |
       Dungeon |  15355 |  14665 |    690 |    977 |  11865 |  11 | 1395.9 |
        Temple |    146 |    146 |      0 |      0 |    113 |   1 |  146.0 |
          Lair |    451 |    451 |      0 |    339 |     54 |   1 |  451.0 |
               +--------+--------+--------+--------+--------+-----+--------+

Top non-repeatable levels by time:
    D:10: 3106 daAuts
     D:1: 2178 daAuts
     D:8: 1498 daAuts
    D:11: 1439 daAuts
     D:9: 1183 daAuts
     D:6: 1100 daAuts
     D:3: 1083 daAuts
     D:5: 1059 daAuts
     D:4: 951 daAuts
     D:2: 943 daAuts
     D:7: 809 daAuts
  Lair:1: 451 daAuts
  Temple: 146 daAuts
